AoeStats
← Battousai

Black Forest

508988239Analyzed
4v4 RM · 7d ago on Sep 25, 2026· 46m 29s· 8 players
Game mode
Random Map
Map size
Large (8 player)
Population
200
Speed
Normal
Resources
Standard
Victory
Conquest
Starting age
Dark Age
Ending age
Imperial Age
RankedLock teamsTeams togetherTeam positionsShared explorationLock speedFull tech treeHidden civsTurbo modeCheats
Victory
Defeat
🇺🇸 Koreans · United States
1199
+15
🇺🇸 Malians · United States
1187
+16
🇨🇳 Poles · China
1154
+17
🇨🇦 Vikings · Canada
1115
+19
🇲🇽 Bohemians · Mexico
1211
-18
🇹🇼 Danes · Taiwan
1184
-17
🇨🇱 Teutons · Chile
1172
-16
🇧🇷 Khmer · Brazil
1158
-16
Battousai
5:14 Loom
11:13 Feudal Age
16:13 Castle Age
15:54 Double-Bit Axe
15:50 Horse Collar
17:00 Scale Barding Armor
17:17 Bow Saw
22:20 Chain Barding Armor
23:13 Heavy Plow
31:28 Imperial Age
29:37 Wheelbarrow
30:23 Padded Archer Armor
32:02 Chemistry
31:20 Leather Archer Armor
32:11 Houfnice
34:26 Conscription
34:14 Wagenburg Tactics
35:57 Two-Man Saw
36:21 Siege Engineers
40:22 Ring Archer Armor
39:43 Fletching
韓國魚
0:28 Loom
10:32 Feudal Age
18:51 Castle Age
22:34 Double-Bit Axe
24:41 Bow Saw
26:54 Wheelbarrow
27:46 Town Watch
28:23 Horse Collar
29:52 Gold Mining
30:07 Heavy Plow
29:58 Stone Mining
32:14 Gold Shaft Mining
35:16 Imperial Age
33:20 Scale Mail Armor
33:31 Forging
34:08 Stone Shaft Mining
34:54 Chain Mail Armor
34:29 Fletching
34:43 Squires
34:29 Arson
35:17 Hand Cart
36:14 Iron Casting
35:01 Pikeman
35:07 Hamask
37:03 Plate Mail Armor
36:29 Bodkin Arrow
36:47 Halberdier
37:44 Siege Engineers
38:32 Conscription
38:00 Elite Skirmisher
39:04 Ballistics
39:44 Chemistry
38:48 Padded Archer Armor
39:04 Crossbowman
39:50 Thumb Ring
39:51 Bracer
42:02 Hoardings
41:46 Leather Archer Armor
42:32 Blast Furnace
42:22 Elite Varangian Guard
44:53 Ring Archer Armor
Sargez
0:26 Loom
11:09 Feudal Age
19:31 Castle Age
19:38 Man-at-Arms
35:30 Gold Mining
35:22 Horse Collar
35:31 Double-Bit Axe
38:14 Fortified Wall
41:16 Imperial Age
38:50 Heavy Plow
joaopessoense
11:44 Feudal Age
14:53 Castle Age
13:14 Double-Bit Axe
13:14 Horse Collar
15:36 Heavy Plow
15:48 Bow Saw
17:40 Loom
20:16 Stone Mining
21:40 Wheelbarrow
22:20 Gold Mining
22:55 Husbandry
23:40 Gold Shaft Mining
25:10 Hand Cart
26:04 Caravan
29:48 Imperial Age
28:57 Stone Shaft Mining
29:56 Tusk Swords
30:23 Husbandry
30:34 Bloodlines
31:12 Conscription
30:17 Cavalier
33:12 Crop Rotation
33:41 Elite Ballista Elephant
34:27 Double Crossbow
36:48 Elite Battle Elephant
38:47 Scale Barding Armor
38:52 Forging
40:34 Chain Barding Armor
Zizzle4879
2:27 Loom
12:01 Feudal Age
17:10 Castle Age
14:55 Horse Collar
16:04 Forging
16:16 Double-Bit Axe
16:51 Scale Mail Armor
16:53 Man-at-Arms
17:20 Arson
17:34 Long Swordsman
19:18 Squires
22:02 Pikeman
23:40 Stone Mining
25:39 Gold Mining
28:58 Town Watch
31:16 Iron Casting
30:58 Chain Mail Armor
31:39 Wheelbarrow
33:48 Imperial Age
33:17 Heavy Plow
33:53 Two-Handed Swordsman
34:57 Conscription
34:57 Champion
36:19 Gold Shaft Mining
37:58 Plate Mail Armor
39:44 Elite Gbeto
40:18 Fletching
Peppyzizzle25
2:29 Loom
9:35 Feudal Age
23:17 Castle Age
21:24 Double-Bit Axe
21:32 Gold Mining
21:32 Stone Mining
22:14 Horse Collar
23:53 Wheelbarrow
25:35 Hand Cart
27:42 Gold Shaft Mining
30:15 Bow Saw
33:55 Imperial Age
33:50 Stone Shaft Mining
33:54 Fletching
34:38 Masonry
35:15 Caravan
36:41 Conscription
36:22 Bodkin Arrow
38:05 Two-Man Saw
37:24 Bracer
38:41 Architecture
38:55 Ballistics
39:38 Elite War Wagon
42:33 Eupseong
42:54 Shinkichon
44:55 Chemistry
43:37 Treadmill Crane
47:15 Forging
47:11 Scale Barding Armor
Reshi
10:27 Feudal Age
8:43 Loom
10:47 Horse Collar
11:22 Double-Bit Axe
17:41 Fletching
17:45 Gold Mining
20:09 Castle Age
18:19 Scale Mail Armor
18:30 Forging
25:52 Bow Saw
28:26 Chain Mail Armor
28:46 Iron Casting
28:30 Stone Mining
29:45 Gold Shaft Mining
32:14 Imperial Age
29:32 Town Watch
30:50 Ballistics
30:47 Masonry
31:03 Bodkin Arrow
31:25 Chieftains
35:55 Blast Furnace
35:26 Plate Mail Armor
38:14 Arson
38:31 Squires
38:55 Conscription
40:16 Elite Berserk
47:24 Architecture
墨染灬青丝丶
1:16 Loom
9:17 Feudal Age
10:01 Double-Bit Axe
9:58 Horse Collar
19:33 Castle Age
20:25 Heavy Plow
20:36 Bow Saw
25:45 Wheelbarrow
31:25 Imperial Age
29:19 Gold Mining
29:19 Stone Mining
29:38 Fletching
30:47 Bloodlines
30:37 Husbandry
32:18 Bodkin Arrow
32:24 Padded Archer Armor
32:53 Szlachta Privileges
33:02 Forging
32:57 Scale Barding Armor
32:39 Cavalier
35:44 Hand Cart
36:02 Conscription
37:37 Chain Barding Armor
37:53 Iron Casting
43:11 Blast Furnace
42:13 Onager
Connection lost

Rejoining the realm…

Still unreachable

The connection could not be restored.

Session expired

The server has moved on; the page needs a fresh start.